 Dungeon Crawl Stone Soup version 0.25-a0-177-gd145f35b4e (webtiles) character file.

Game seed: 1613453063024531750, levelgen mode: deterministic

112 MrRokkomies the Skirmisher (level 4, -1/41 HPs)
             Began as a Ghoul Monk on Nov 26, 2019.
             Slain by a gnoll
             ... wielding a +0 flail
              (3 damage)
             ... on level 2 of the Dungeon.
             The game lasted 00:07:11 (1304 turns).

MrRokkomies the Skirmisher (Ghoul Monk)             Turns: 1304, Time: 00:07:12

Health: -1/41      AC:  3    Str: 15    XL:     4   Next: 95%
Magic:  3/3        EV: 12    Int:  5    God:
Gold:   58         SH:  0    Dex: 11    Spells: 3/3 levels left

rFire    . . .     SeeInvis .     - Unarmed
rCold    + . .     Gourm    .   (no shield)
rNeg     + + +     Faith    .   a - +1 robe
rPois    ∞         Spirit   .   (no helmet)
rElec    .         Reflect  .   (no cloak)
rCorr    .         Harm     .   (no gloves)
MR       .....                  (no boots)
Stlth    ++........             (no amulet)
HPRegen  0.00/turn              f - ring of wizardry
MPRegen  0.08/turn              (no ring)

@: rotting, drained
A: rotting body, claws 1, carnivore, cold resistance 1, negative energy
resistance 3, inhibited regeneration, torment resistance, unbreathing
a: no special abilities


You were on level 2 of the Dungeon.
You were not hungry.

You visited 1 branch of the dungeon, and saw 2 of its levels.

You collected 58 gold pieces.

Inventory:

Armour
 a - a +1 robe (worn)
Jewellery
 f - a ring of wizardry (left claw)
 h - an uncursed amulet of harm
Scrolls
 g - 2 scrolls of magic mapping
 m - a scroll of identify
Potions
 e - a potion of flight
 i - a potion of magic
Comestibles
 b - 6 rations


   Skills:
 * Level 4.5(3.5) Fighting
 + Level 3.2(2.2) Dodging
 - Level 2.1(1.2) Stealth
 * Level 4.5(3.5) Unarmed Combat


You had 3 spell levels left.
You didn't know any spells.
Your spell library was empty.

Dungeon Overview and Level Annotations

Branches:
Dungeon (2/15)

Altars:


Innate Abilities, Weirdness & Mutations

Your body is rotting away.
You thrive on raw meat.
You are immune to poison.
You have sharp fingernails.
You are carnivorous and can eat meat at any time.
Your flesh is cold resistant. (rC+)
You are immune to negative energy. (rN+++)
You do not regenerate when monsters are visible.
You are immune to unholy pain and torment.
You can survive without breathing.


Message History

The scroll dissolves into smoke.
It was a scroll of fog.
As you read the scroll labeled GEFYNK EJAX, it crumbles to dust.
It is a scroll of amnesia.
You feel forgetful for a moment. The gnoll barely misses you.
You scratch the gnoll.
The gnoll is severely wounded.
The gnoll hits you with a +0 flail!
* * * LOW HITPOINT WARNING * * *
You barely miss the gnoll.
The gnoll is severely wounded.
The gnoll hits you with a +0 flail.
* * * LOW HITPOINT WARNING * * *
Okay, then.
Unknown command.
Unknown command.
You are starting to lose your buoyancy.
You float gracefully downwards.
There is a stone staircase leading up here.
The gnoll hits you with a +0 flail.
You die...

#.#.# #.####..##. #.#.#
#..#..).... #.#)######..#.#.#.##
#.##.#.##......#.#.#..#
#.....(................
####.#.##......#.#.##.#
.###..........#.#.#.....
...............#.#.#.....
........@g..g......#.....
#......#.#.......#...#.....
#......#.#.######.......... ...
#.#......#.#.# #.......... ...
#.#..........# #..........
....#.##.#####...######......####
#.##........................# #
#.....#....##...........#.#.# #
##.....#....##...........#.#.####


You could see 2 gnolls.

Vanquished Creatures
  2 adders (D:2)
  A gnoll (D:2)
  An ooze (D:2)
  An adder skeleton (D:2)
  2 worms (D:2)
  5 dart slugs (D:1)
  2 leopard geckos
  9 bats
  2 giant cockroaches (D:2)
  5 goblins
  9 hobgoblins
  3 jackals (D:1)
  5 kobolds
  2 quokkas (D:2)
  A ball python (D:2)
  3 frilled lizards
  5 rats
58 creatures vanquished.

Notes
Turn   | Place    | Note
-------+----------+-------------------------------------------
     0 | D:1      | MrRokkomies the Ghoul Monk began the quest for the Orb.
     0 | D:1      | Reached XP level 1. HP: 19/19 MP: 0/0
   101 | D:1      | Reached XP level 2. HP: 24/26 MP: 1/1
   271 | D:1      | Reached XP level 3. HP: 20/33 MP: 2/2
   842 | D:2      | Reached XP level 4. HP: 33/40 MP: 3/3
  1283 | D:2      | HP: 2/41 [gnoll/+0 flail (5)]
  1304 | D:2      | Slain by a gnoll

Levels and vault maps discovered:
D:1:      matt_arrival_spirals, layout_rooms
D:2:      layout_basic, first_ration

Skill      XL: |  1  2  3 |
---------------+----------+-----
Dodging        | 3 |  3.2
Unarmed Combat | 4 |  4.5
Fighting       | 4 |  4.5
Stealth        | |  2.1

Action                   |  1- 3 |  4- 6 || total
-------------------------+-------+-------++-------
Melee: Unarmed           |   138 |   110 ||   248
       Punch             |     2 |       ||     2
  Use: Scroll            |     4 |     4 ||     8
       Potion            |       |     1 ||     1
 Stab: Sleeping          |     2 |     1 ||     3
  Eat: Chunk             |    19 |    19 ||    38
Armor: Robe              |    25 |    27 ||    52
Dodge: Dodged            |   103 |    75 ||   178

Table legend:
 A = Non-vault XP
 B = Vault XP
 C = Vault XP percentage of total XP
 D = Non-vault monster count
 E = Vault monster count
 F = Vault count percentage of total count
                 A         B        C        D         E       F
            +---------+---------+-------+---------+---------+-------
      Total |     161 |       0 |   0.0 |      58 |       0 |   0.0
            +---------+---------+-------+---------+---------+-------
        D:1 |      60 |       0 |   0.0 |      28 |       0 |   0.0
        D:2 |     101 |       0 |   0.0 |      30 |       0 |   0.0
            +---------+---------+-------+---------+---------+-------
